 Dungeon Crawl Stone Soup version 0.27-a0-1565-gad902ab807 (webtiles) character file.

Game seed: 6753756750347392266

2531 gimp the Cleaver (level 9, -7/72 HPs)
             Began as a Formicid Monk on July 16, 2021.
             Was an Initiate of Gozag.
             Mangled by Harold (17 damage)
             ... on level 7 of the Dungeon.
             The game lasted 00:13:28 (9743 turns).

gimp the Cleaver (Formicid Monk)                    Turns: 9743, Time: 00:13:28

Health: -7/72      AC: 19    Str: 19    XL:     9   Next: 84%
Magic:  9/9        EV:  4    Int: 16    God:    Gozag
Gold:   235        SH:  0    Dex: 13    Spells: 8/8 levels left

rFire    + + .     SeeInvis +   a - +3 hand axe (flame)
rCold    + + .     Faith    .   (no shield)
rNeg     . . .     Spirit   .   E - +3 chain mail "Zelinkym" {rF+ Int+6}
rPois    +         Reflect  .   (helmet unavailable)
rElec    +         Harm     .   f - +1 cloak
rCorr    +         Rampage  .   o - +2 pair of gloves
Will     .....                  (no boots)
Stlth    ..........             (no amulet)
HPRegen  0.22/turn              j - ring of protection from cold
MPRegen  0.11/turn              (no ring)

@: mighty, brilliant, resistant, marked, held
A: permanent stasis, dig shafts and tunnels, antennae 3, four strong arms
a: Dig, Shaft Self, Renounce Religion, Potion Petition, Call Merchant, Bribe
Branch


You were on level 7 of the Dungeon.
You worshipped Gozag.
Gozag was aware of your devotion.
You visited 2 branches of the dungeon, and saw 8 of its levels.

You collected 744 gold pieces.
You spent 25 gold pieces at shops.
You paid 484 gold pieces to Gozag.

Inventory:

Hand Weapons
 a - a +3 hand axe of flaming (weapon)
 b - a +0 hand axe
Missiles
 h - 53 poisoned darts (quivered)
Armour
 f - a +1 cloak (worn)
 o - a +2 pair of gloves (worn)
 x - a +0 kite shield
 E - the +3 chain mail "Zelinkym" (worn) {rF+ Int+6}
   (You found it on level 6 of the Dungeon)

   Int:       It affects your intelligence (+6).
   rF:        It protects you from fire.
Jewellery
 j - a ring of protection from cold (left hand)
 y - a ring of fire
Wands
 c - a wand of acid (3)
 s - a wand of polymorph (4)
 z - a wand of charming (9)
Potions
 i - 2 potions of heal wounds {unknown}
 m - a potion of might
 u - 2 potions of degeneration {unknown}
 w - a potion of resistance {unknown}
 A - a potion of magic {unknown}
 B - a potion of flight {unknown}


   Skills:
 - Level 7.0 Fighting
 * Level 9.8 Axes
 + Level 7.0 Armour
 - Level 2.6 Dodging
 - Level 2.4 Stealth


You had 8 spell levels left.
You didn't know any spells.
Your spell library contained the following spells:

 Spells                   Type           Power      Damage    Failure   Level
 Sandblast                Erth           0%         2d4       93%         1
 Passwall                 Tmut/Erth      0%         N/A       98%         2
 Lee's Rapid Deconstruct  Erth           0%         3d5*      100%        5
 Malign Gateway           Summ/Tloc      0%         N/A       100%        7
 Summon Horrible Things   Summ           0%         N/A       100%        8
 Chain Lightning          Conj/Air       0%         N/A       100%        9
 Fire Storm               Conj/Fire      0%         5d1       100%        9


Dungeon Overview and Level Annotations

Branches:
Dungeon (7/15)             Temple (1/1) D:4

Altars:
Ashenzari
Cheibriados
Dithmenos
Fedhas
Gozag
Hepliaklqana
Kikubaaqudgha
Makhleb
Nemelex Xobeh
Okawaru
Ru
Trog
Uskayaw
Vehumet
Wu Jian
Xom
Yredelemnul
Zin
The Shining One

Shops:
D:1 :   D:7 :*[*

Annotations:
D:7 Harold


Innate Abilities, Weirdness & Mutations

You cannot be hasted, slowed, berserked, paralysed or teleported.
You can dig through walls and to a lower floor.
You have a pair of large antennae on your head. (SInv)
Your four strong arms can wield two-handed weapons with a shield.


Message History

You take 8 damage, and have 22/72 hp.
You rip the net and break free!
Harold hits you with a +0 scimitar!
* * * LOW HITPOINT WARNING * * *
You take 13 damage, and have 9/72 hp.
Harold thinks, and says "Perhaps I'll take up hiking after I'm done here..."
Harold throws a throwing net.
The throwing net hits you.
You become entangled in the net!
You see here a throwing net.
You aren't carrying any scrolls.
Unknown command.
Okay, then.
Okay, then.
Okay, then. [a] - 406 gold - resistance and might [b] - 176 gold - might and brilliance [c] - 364 gold - brilliance and resistance Purchase which effect?
You feel very mighty all of a sudden.
You feel clever all of a sudden.
You feel better. Harold hits you with a +0 scimitar!
* * * LOW HITPOINT WARNING * * *
[a] - 870 gold - brilliance, magic, resistance and invisibility [b] - 308 gold - resistance and might [c] - 625 gold - lignification, might, resistance, heal wounds and curing Purchase which effect?
You don't have enough gold for that! [a] - 870 gold - brilliance, magic, resistance and invisibility [b] - 308 gold - resistance and might [c] - 625 gold - lignification, might, resistance, heal wounds and curing Purchase which effect?
You don't have enough gold for that! [a] - 870 gold - brilliance, magic, resistance and invisibility [b] - 308 gold - resistance and might [c] - 625 gold - lignification, might, resistance, heal wounds and curing Purchase which effect?
You no longer have enough gold to petition Gozag for potion effects.
You feel protected.
You feel mightier all of a sudden. Harold hits you but does no damage.
You struggle against the net.
Harold hits you with a +0 scimitar!
You die...
Your body crumbles into a pile of gold.

#########'##.....#......#####**,,
.................#.(.........,,,,
.......).........#...........,,,,
.................#.......#...,,,,
.................#.......#...,,,,
.................#.......#,..,,,,
.................#.......#,,,,,,,
.................#.......#,,,,,,,
................@#.......#,,,,,,,
................@#########,,,,,,,
####+##########....((((...,,,,***
*,,,,,$,,,,,#...........,,,,*
*,,,,,,,,,,,#...........,,,,*
*,,,,,,,,,,,#...........,,,,*
*,,,,,,,,,,,+...>..[....,,,,*
************#...........,,,,*
############*****


You could see Harold (strong, poisoned).

Vanquished Creatures
  Prince Ribbit (D:6)
  Eustachio (D:6)
  2 water moccasins
  Duvessa (D:5)
  An orc warrior (D:7)
  2 ice beasts
  A necrophage (D:5)
  3 ogres
  2 bullfrogs
  A scorpion (D:6)
  2 water moccasin zombies (D:6)
  Dowan (D:5)
  A howler monkey (D:5)
  A bullfrog zombie (D:5)
  A bullfrog skeleton (D:6)
  3 orc priests
  A gnoll shaman (D:5)
  4 hounds
  4 iguanas
  Ijyb (D:4)
  2 orc wizards
  Natasha (thrice) (D:2)
  16 gnolls (D:5)
  4 adders
  2 white imps
  An ufetubus (D:4)
  4 worms
  2 dart slugs (D:1)
  16 orcs
  11 endoplasms
  6 goblins
  6 hobgoblins
  11 jackals
  6 kobolds
  8 ball pythons
  5 bats
  2 frilled lizards (D:1)
  8 rats
147 creatures vanquished.

Notes
Turn   | Place    | Note
-------+----------+-------------------------------------------
     0 | D:1      | gimp the Formicid Monk began the quest for the Orb.
     0 | D:1      | Reached XP level 1. HP: 18/18 MP: 1/1
    62 | D:1      | Found Gaucec's Book Boutique.
   199 | D:1      | Reached XP level 2. HP: 16/24 MP: 2/2
   602 | D:1      | Reached skill level 1 in Armour
   716 | D:1      | Reached XP level 3. HP: 26/29 MP: 3/3
  1427 | D:2      | Noticed Natasha
  1433 | D:2      | Killed Natasha
  1434 | D:2      | Reached skill level 4 in Axes
  1434 | D:2      | Reached XP level 4. HP: 24/37 MP: 4/4
  1556 | D:2      | Noticed Natasha
  1579 | D:2      | Killed Natasha
  1757 | D:2      | Noticed Natasha
  1769 | D:2      | Killed Natasha
  1770 | D:2      | Reached XP level 5. HP: 33/42 MP: 5/5
  2175 | D:2      | Found a hazy altar of Hepliaklqana.
  3380 | D:3      | Found a broken altar of Ashenzari.
  3957 | D:4      | Found a glowing golden altar of the Shining One.
  3973 | D:4      | Reached XP level 6. HP: 39/49 MP: 6/6
  4144 | D:4      | Reached skill level 5 in Axes
  4259 | D:4      | Found a staircase to the Ecumenical Temple.
  4260 | D:4      | Noticed Ijyb
  4284 | D:4      | Killed Ijyb
  4312 | Temple   | Entered the Ecumenical Temple
  4539 | Temple   | Became a worshipper of Gozag Ym Sagoz the Greedy
  4589 | D:4      | Noticed an ogre
  4602 | D:4      | Killed an ogre
  4603 | D:4      | Reached XP level 7. HP: 38/55 MP: 7/7
  4623 | D:4      | Reached skill level 5 in Fighting
  4754 | D:4      | Found a blossoming altar of Fedhas.
  4814 | D:4      | Reached skill level 6 in Axes
  5245 | D:4      | Found a hazy altar of Hepliaklqana.
  5298 | D:5      | Entered Level 5 of the Dungeon
  5613 | D:5      | Reached XP level 8. HP: 63/63 MP: 8/8
  5915 | D:5      | Reached skill level 7 in Axes
  6172 | D:5      | Reached skill level 5 in Armour
  6356 | D:5      | Noticed Dowan
  6356 | D:5      | Noticed Duvessa
  6375 | D:5      | Killed Dowan
  6575 | D:5      | You fall into a shaft and drop 2 floors!
  6666 | D:7      | Found Avol's Book Emporium.
  6718 | D:7      | Found Qatti's Armour Shoppe.
  6741 | D:7      | Found Quahicw's Assorted Antiques.
  6893 | D:6      | Reached skill level 8 in Axes
  6893 | D:6      | Reached XP level 9. HP: 54/71 MP: 9/9
  7001 | D:6      | Found an ornate altar of the Wu Jian Council.
  7004 | D:6      | Found a hide-covered altar of Uskayaw.
  7006 | D:6      | Found an iron altar of Okawaru.
  7006 | D:6      | Found a basalt altar of Yredelemnul.
  7006 | D:6      | Found a sacrificial altar of Ru.
  7407 | D:6      | Identified the +3 chain mail "Zelinkym" {rF+ Int+6}
  7585 | D:5      | Killed Duvessa
  8163 | D:6      | Noticed Prince Ribbit
  8439 | D:6      | Killed Prince Ribbit
  8440 | D:6      | Reached skill level 9 in Axes
  8617 | D:6      | Noticed Eustachio
  8655 | D:6      | Killed Eustachio
  8965 | D:7      | Noticed a cyclops
  9476 | D:7      | Found Moilac's Assorted Antiques.
  9483 | D:7      | Bought a scroll labelled PORRIC ZUITH for 25 gold pieces
  9718 | D:7      | Noticed Harold
  9743 | D:7      | Mangled by Harold

Illustrated notes

Levels and vault maps discovered:
D:1:      dpeg_arrival_subterranean_lakeside_camping, layout_basic,
          serial_shops, nicolae_shop_stone, minivault_14, minmay_split_cup_large
D:2:      layout_basic, basic_altar, uniq_natasha
D:3:      layout_basic, cheibrodos_ashenzari_chains, guppyfry_early_orc_mine
D:4:      layout_loops_ring, tso_metal_star, worldfamousw_hep_ancestral_shrine,
          mainiacjoe_overflow_small_starburst, minmay_temple_entry_butterflies,
          uniq_ijyb
D:5:      layout_cave_pods, water_boxes_lemuel, uniq_duvessa
D:6:      layout_rooms, grunt_temple_overflow_open, uniq_prince_ribbit1,
          uniq_eustachio
D:7:      layout_gridville, serial_shops, nicolae_take_the_stairs, shop, shop,
          nicolae_shop_trees, uniq_harold
Temple:   cyrus_temple_forest

Skill      XL: |  1  2  3  4  5  6  7  8  9 |
---------------+----------------------------+-----
Armour         | 1 2 3 4 5 7 |  7.0
Axes           | 4 5 6 8 9 |  9.8
Fighting       | 4 5 6 7 |  7.0
Dodging        | |  2.6
Stealth        | |  2.4

Action                   |  1- 3 |  4- 6 |  7- 9 || total
-------------------------+-------+-------+-------++-------
Melee: Hand axe          |    86 |   198 |   342 ||   626
Throw: Dart              |       |     3 |    17 ||    20
Invok: Potion Petition   |       |       |     2 ||     2
 Abil: Dig               |     5 |     5 |    12 ||    22
       Shaft Self        |       |       |     1 ||     1
  Use: Potion            |       |     4 |     1 ||     5
       Scroll            |       |       |    12 ||    12
 Stab: Sleeping          |     4 |     2 |     2 ||     8
       Distracted        |       |     1 |     1 ||     2
Armor: Robe              |    27 |       |       ||    27
       Ring mail         |     2 |    65 |    45 ||   112
       Skin              |       |    14 |       ||    14
       Chain mail        |       |       |   105 ||   105
Dodge: Dodged            |    59 |   115 |   144 ||   318

Table legend: (Time is in decaauts)
 A = Elapsed time spent in this place.
 B = Non-inter-level travel time spent in this place.
 C = Inter-level travel time spent in this place.
 D = Time resting spent in this place.
 E = Time spent auto-exploring this place.
 F = Levels seen in this place.
 G = Mean time per level.
                   A        B        C        D        E       F      G
               +--------+--------+--------+--------+--------+-----+--------+
         Total |   9752 |   9461 |    291 |    654 |   7132 |   8 | 1219.0 |
       Dungeon |   9493 |   9229 |    264 |    654 |   6932 |   7 | 1356.1 |
        Temple |    258 |    231 |     27 |      0 |    200 |   1 |  258.0 |
               +--------+--------+--------+--------+--------+-----+--------+

Top non-repeatable levels by time:
     D:5: 2121 daAuts
     D:1: 1501 daAuts
     D:6: 1385 daAuts
     D:4: 1314 daAuts
     D:2: 1182 daAuts
     D:3: 1161 daAuts
     D:7: 828 daAuts
  Temple: 258 daAuts
